 Dungeon Crawl Stone Soup version 0.23-a0-126-g19e28b4 (webtiles) character file.

377 CanOfBees the Caller (level 6, -2/36 HPs)
             Began as a Deep Elf Summoner on Aug 27, 2018.
             Shot with an arrow by a centaur (10 damage)
             ... on level 6 of the Dungeon.
             The game lasted 00:12:43 (6578 turns).

CanOfBees the Caller (Deep Elf Summoner)            Turns: 6578, Time: 00:12:43

Health: -2/36      AC:  4    Str:  5    XL:     6   Next: 45%
Magic:  10/15      EV: 13    Int: 25    God:
Gold:   328        SH:  0    Dex: 15    Spells: 5/15 levels left

rFire    + . .     SeeInvis .   y - +0 spear
rCold    . . .     Gourm    .   (no shield)
rNeg     . . .     Faith    .   w - +1 robe {rF+}
rPois    .         Spirit   .   (no helmet)
rElec    .         Reflect  .   x - +0 cloak
rCorr    +         Harm     .   (no gloves)
MR       .....                  (no boots)
Stlth    ++........             (no amulet)
HPRegen  0.12/turn              m - +3 ring of intelligence
MPRegen  0.14/turn              a - ring of resist corrosion

@: no status effects
A: no striking features
a: no special abilities


You were on level 6 of the Dungeon.
You were not hungry.

You visited 1 branch of the dungeon, and saw 6 of its levels.

You collected 328 gold pieces.

Inventory:

Hand Weapons
 o - a +2 whip of electrocution
 y - a +0 spear (weapon)
Missiles
 d - 46 arrows
 g - 16 poisoned needles
 i - 108 stones (quivered)
 j - 43 sling bullets
 C - 5 tomahawks
Armour
 e - a +0 leather armour
 w - a +1 robe of fire resistance (worn)
 x - a +0 cloak (worn)
Jewellery
 a - a ring of resist corrosion (right hand)
 m - a +3 ring of intelligence (left hand)
 p - an uncursed ring of protection from fire
Wands
 I - a wand of acid (9)
Scrolls
 b - 2 scrolls of identify
 f - a scroll of remove curse
 h - a scroll of teleportation
 t - 2 scrolls of fear
 v - a scroll of enchant armour {unknown}
 z - a scroll of blinking {unknown}
 A - a scroll of enchant weapon {unknown}
 E - a scroll of immolation {unknown}
 K - a scroll of noise {unknown}
Potions
 k - 3 potions of curing
 l - a potion of lignification
 q - a potion of berserk rage
 r - a potion of resistance
 s - a potion of brilliance {unknown}
 u - a potion of magic {unknown}
 B - a potion of might {unknown}
 D - 2 potions of agility
 G - 3 potions of flight {unknown}
 H - 3 potions of heal wounds {unknown}
 J - a potion of haste {unknown}
Comestibles
 c - 6 rations


   Skills:
 + Level 2.3 Fighting
 - Level 2.4 Dodging
 - Level 2.4 Stealth
 + Level 5.1 Spellcasting
 * Level 6.6 Summonings
 + Level 1.4 Air Magic


You had 5 spell levels left.
You knew the following spells:

 Your Spells              Type           Power        Failure   Level  Hunger
a - Summon Small Mammal   Summ           ####         1%          1    None
b - Call Imp              Summ           #####...     1%          2    None
c - Call Canine Familiar  Summ           #####...     1%          3    ##.....
d - Summon Lightning Spi  Summ/Air       ####....     16%         4    ####...

Your spell library contained the following spells:

 Spells                   Type           Power        Failure   Level  Hunger
 Summon Guardian Golem    Hex/Summ       ###.....     6%          3    ##.....
 Summon Ice Beast         Ice/Summ       ###.....     21%         4    ####...


Dungeon Overview and Level Annotations

Branches:
Dungeon (6/15)
 Temple: D:4-7

Altars:
Ashenzari
Fedhas
Gozag
Okawaru
Qazlal
The Shining One

Shops:
D:4 %   D:6 }


Message History

Gang up on whom?
Press: ? - help, Dir - move target cursor, f - centaur
Aim: a centaur, wielding a shortbow Attack!
Your crimson imp blinks!
The centaur shoots an arrow.
The arrow hits your wolf!
Your wolf bites the centaur.
The centaur shoots an arrow.
The arrow hits your wolf.
Your wolf bites the centaur!
The centaur shoots an arrow.
The arrow misses your wolf. The arrow hits you!
Your wolf closely misses the centaur.
Your crimson imp blinks!
The centaur shoots an arrow.
The arrow hits your wolf!
Your wolf dies!
Your wolf's corpse disappears in a puff of smoke!
The centaur shoots an arrow.
The arrow closely misses you.
Your crimson imp disappears in a puff of smoke!
The centaur shoots an arrow.
The arrow hits you!
* * * LOW HITPOINT WARNING * * *
The centaur shoots an arrow.
The arrow hits you!
You die...

,,*,* *,**,,*,*
,,*,*####*..,,,,,*
,,,,....,...,,,*############
,,,,...##o.,,,*##.......##.##
,,*+#...o.****##...####.#...##
.,*_#...#** #.###.###.>....####
..###)..# #.# #..............
......co# #.###..##....<.##**
....)...# ##@..#.##.#...## *
#####.oc########(§...5..##.##** *
# #..o∩(.(h.##§.##.##......,***
#***#...#####.#c#.##,##.......**,
.....%..c.5....###.#,*#.......#*,
..............## *#..,........#*,
.....>.........***,####.......#*,
#####...#####.#.*,*****,,,,,,,**,
# #....,,,.?...,,,,,,,>,,,,,**,


You could see a centaur and a friendly crimson imp.

Vanquished Creatures
  A worker ant (D:4)
  A worker ant zombie (D:5)
  2 orcs (D:3)
  A giant cockroach (D:4)
  A kobold (D:3)
6 creatures vanquished.

Vanquished Creatures (collateral kills)
  2 ogres (D:4)
  A crimson imp (D:5)
  2 hounds (D:4)
  An orc priest (D:3)
  2 jellies
  2 orc wizards
  An iguana (D:4)
  2 worker ants (D:5)
  3 gnolls (D:4)
  7 adders
  An ooze (D:2)
  2 worms
  2 dart slugs (D:2)
  2 leopard geckos (D:4)
  6 orcs
  3 giant cockroaches
  2 goblins
  5 hobgoblins
  3 jackals (D:3)
  2 ball pythons
  5 bats
  5 frilled lizards
  5 kobolds
  6 rats
72 creatures vanquished.

Grand Total: 78 creatures vanquished

Notes
Turn   | Place    | Note
-------+----------+-------------------------------------------
     0 | D:1      | CanOfBees the Deep Elf Summoner began the quest for the
                  | Orb.
     0 | D:1      | Reached XP level 1. HP: 10/10 MP: 6/6
  1081 | D:1      | Reached XP level 2. HP: 16/16 MP: 4/8
  1097 | D:1      | Learned a level 2 spell: Call Imp
  1867 | D:2      | Found a shattered altar of Ashenzari.
  2042 | D:2      | Reached skill level 5 in Summonings
  2042 | D:2      | Reached XP level 3. HP: 20/20 MP: 2/10
  2047 | D:2      | Learned a level 3 spell: Call Canine Familiar
  2145 | D:2      | Reached skill level 1 in Fighting
  2929 | D:3      | Found an iron altar of Okawaru.
  3035 | D:3      | Found a stormy altar of Qazlal.
  3371 | D:3      | Found a blossoming altar of Fedhas.
  3437 | D:3      | Reached XP level 4. HP: 8/25 MP: 3/11
  3903 | D:3      | Found a glowing golden altar of the Shining One.
  4140 | D:4      | Noticed an ogre
  4167 | D:4      | Killed an ogre
  4167 | D:4      | Reached XP level 5. HP: 30/30 MP: 3/13
  4449 | D:4      | Learned a level 4 spell: Summon Lightning Spire
  4750 | D:4      | Reached skill level 6 in Summonings
  4929 | D:4      | Noticed an ogre
  4939 | D:4      | Killed an ogre
  5014 | D:4      | Found an opulent altar of Gozag.
  5046 | D:4      | Reached XP level 6. HP: 35/35 MP: 12/15
  5256 | D:4      | Found Avoefix's Food Shop.
  5269 | D:4      | Reached skill level 1 in Air Magic
  5338 | D:5      | Entered Level 5 of the Dungeon
  5819 | D:5      | Reached skill level 5 in Spellcasting
  6530 | D:6      | Found Zaacom's Gadget Emporium.
  6578 | D:6      | Shot with an arrow by a centaur

Vault maps used:
D:1:      lightli_arrival_statuegarden
D:2:      ashenzari_altar_1
D:3:      nicolae_overflow_crystal_walls, old_standard_altar,
          overflow_temple_1_default, hangedman_decor_riveting,
          okawaru_metal_pillars_3
D:4:      serial_shops, nicolae_shop_behind_doors, grunt_gozag_statues
D:5:      first_ration
D:6:      kennysheep_mini_moat, nicolae_ossuary_entry_giza, serial_shops, shop,
          uniq_edmund

Skill      XL: |  1  2  3  4  5  6 |
---------------+-------------------+-----
Summonings     | 5 6 |  6.6
Fighting       | 1 2 |  2.3
Spellcasting   | 4 5 |  5.1
Air Magic      | 1 |  1.4
Dodging        | |  2.4
Stealth        | |  2.4

Action                   |  1- 3 |  4- 6 || total
-------------------------+-------+-------++-------
Melee: Unarmed           |     4 |       ||     4
       Whip              |    23 |     5 ||    28
       Spear             |       |    41 ||    41
 Cast: Summon Small Mamm |    31 |       ||    31
       Call Imp          |    33 |    37 ||    70
       Call Canine Famil |    11 |    13 ||    24
  Use: Scroll            |     1 |     7 ||     8
       Potion            |     1 |     3 ||     4
  Eat: Chunk             |     9 |     7 ||    16
       Ration            |       |     1 ||     1
Armor: Leather armour    |     9 |       ||     9
       Skin              |       |     5 ||     5
       Robe              |       |     6 ||     6
Dodge: Dodged            |    42 |    31 ||    73

Table legend:
 A = Non-vault XP
 B = Vault XP
 C = Vault XP percentage of total XP
 D = Non-vault monster count
 E = Vault monster count
 F = Vault count percentage of total count
                 A         B        C        D         E       F
            +---------+---------+-------+---------+---------+-------
      Total |     539 |       0 |   0.0 |      78 |       0 |   0.0
            +---------+---------+-------+---------+---------+-------
        D:1 |      15 |       0 |   0.0 |      15 |       0 |   0.0
        D:2 |      44 |       0 |   0.0 |      19 |       0 |   0.0
        D:3 |      71 |       0 |   0.0 |      14 |       0 |   0.0
        D:4 |     275 |       0 |   0.0 |      18 |       0 |   0.0
        D:5 |     107 |       0 |   0.0 |       7 |       0 |   0.0
        D:6 |      27 |       0 |   0.0 |       5 |       0 |   0.0
            +---------+---------+-------+---------+---------+-------
